 Dungeon Crawl Stone Soup version 0.28.0-53-g5a82cb258f (webtiles) character file.

Game seed: 6408195796506764363

93226 mortz the Destroyer (level 15, -1/107 HPs)
             Began as a Demigod Conjurer on June 8, 2022.
             Slain by Rupert
             ... wielding a +1 battleaxe of flaming
              (18 damage)
             ... while paralysed by Rupert
             ... on level 13 of the Dungeon on June 12, 2022.
             The game lasted 03:42:26 (37448 turns).

mortz the Destroyer (Demigod Conjurer)             Turns: 37448, Time: 03:42:27

Health: -1/107     AC: 25    Str:  8    XL:     15   Next: 18%
Magic:  49/55      EV:  2    Int: 40    God:
Gold:   1586       SH:  0    Dex: 12    Spells: 24/40 levels left

rFire   . . .      SeeInvis .   q - +3 dagger (venom) {short}
rCold   . . .      Faith    .   l - +0 buckler {reflect}
rNeg    + + .      Spirit   .   g - +4 scale mail {rPois}
rPois   +          Reflect  +   O - +1 helmet
rElec   .          Harm     .   x - +2 cloak
rCorr   .          Rampage  .   f - +2 pair of gloves
Will    +....                   G - +1 pair of boots
Stlth   +.........              V - amulet of the acrobat
HPRegen 0.27/turn               Z - ring "Goabunk" {rN++ MP+9}
MPRegen 0.34/turn               R - ring of magical power

@: paralysed
A: high MP 1, forlorn, divine attributes
a: no special abilities


You were on level 13 of the Dungeon.
You visited 3 branches of the dungeon, and saw 21 of its levels.
You also visited: Sewer and Ossuary.

You collected 2252 gold pieces.
You spent 666 gold pieces at shops.


Innate Abilities, Weirdness & Mutations

You have an increased reservoir of magic. (+10% MP)
You shall have no god before yourself.
Your divine heritage dramatically boosts your attributes as you level up.


   Skills:
 + Level 3.3 Fighting
 + Level 1.0 Short Blades
 + Level 2.6 Throwing
 * Level 11.4 Armour
 + Level 5.2 Dodging
 + Level 4.4 Stealth
 + Level 13.1 Spellcasting
 + Level 13.7 Conjurations
 + Level 0.9 Summonings
 + Level 11.3 Translocations
 + Level 0.8 Evocations


You had 24 spell levels left.
You knew the following spells:

 Your Spells              Type           Power      Damage    Failure   Level
a - Magic Dart            Conj           100%       1d8       1%          1
b - Searing Ray           Conj           100%       2d8       1%          2
c - Iskenderun's Mystic   Conj/Tloc      91%        2d18      1%          4
d - Summon Small Mammal   Summ           100%       N/A       7%          1
e - Hailstorm             Conj/Ice       69%        3d14      6%          4
f - Sticky Flame          Conj/Fire      69%        2d8       6%          4

Your spell library contained the following spells:

 Spells                   Type           Power      Damage    Failure   Level
 Blink                    Tloc           100%       N/A       1%          2
 Conjure Flame            Conj/Fire      69%        6-21      1%          3
 Dazzling Flash           Conj/Hex       100%       N/A       1%          3
 Lesser Beckoning         Tloc           86%        N/A       1%          3
 Manifold Assault         Tloc           86%        N/A       2%          5
 Fulminant Prism          Conj/Hex       34%        3d16      6%          4
 Call Canine Familiar     Summ           33%        N/A       21%         3
 Summon Guardian Golem    Hex/Summ       30%        N/A       24%         3
 Confusing Touch          Hex            26%        N/A       30%         3
 Frozen Ramparts          Ice            52%        1d7       30%         3
 Ignite Poison            Fire/Tmut/Pois 26%        N/A       30%         3
 Summon Ice Beast         Ice/Summ       30%        N/A       63%         4
 Ice Form                 Ice/Tmut       26%        N/A       69%         4
 Yara's Violent Unravell  Hex/Tmut       13%        3d7       95%         5
 Simulacrum               Ice/Necr       13%        N/A       100%        6
 Enfeeble                 Hex            13%        N/A       100%        7

Inventory:

Hand Weapons
 d - a +2 vorpal hand axe {axe}
   (You took it off an orc on level 3 of the Dungeon)
 q - a +3 dagger of venom (weapon) {short}
   (You took it off an orc wizard on level 7 of the Dungeon)
 E - a +4 long sword {long}
   (You took it off a wight on level 7 of the Dungeon)
 H - a +4 halberd of freezing {polearm}
   (You took it off a wight on level 7 of the Dungeon)
Missiles
 k - 23 poisoned darts {throwing}
Armour
 f - a +2 pair of gloves (worn)
   (You found it on level 5 of the Dungeon)
 g - a +4 scale mail of poison resistance (worn)
   (You found it on level 6 of the Lair of Beasts)
 l - a +0 buckler of reflection (worn)
   (You bought it in a shop on level 2 of the Orcish Mines)
 v - a +2 ring mail of poison resistance
   (You found it on level 10 of the Dungeon)
 x - a +2 cloak (worn)
   (You found it on level 4 of the Dungeon)
 G - a +1 pair of boots (worn)
   (You bought it in a shop on level 6 of the Dungeon)
 I - the +1 leather armour of a sewer {rF+ rN++ Str-4 Stlth+}
   (You found it on level 7 of the Dungeon)

   Str:       It affects your strength (-4).
   rF:        It protects you from fire.
   rN:        It greatly protects you from negative energy.
   Stlth:     It makes you more stealthy.
 J - a +1 robe of cold resistance
   (You took it off Fannar on level 12 of the Dungeon)
 N - a +2 troll leather armour {Snorg}
   (You found it on level 12 of the Dungeon)
 O - a +1 helmet (worn)
   (You found it on level 10 of the Dungeon)
 Q - a +2 chain mail of fire resistance
   (You took it off Harold on level 10 of the Dungeon)
Magical Staves
 c - a staff of fire {!astaff}
   (You found it on level 4 of the Lair of Beasts)
 A - a staff of cold {!astaff}
   (You took it off Fannar on level 12 of the Dungeon)
Jewellery
 a - a +6 ring of strength
   (You found it on level 3 of the Lair of Beasts)
 u - a +6 ring of strength
   (You found it on level 4 of the Lair of Beasts)
 z - a ring of ice
   (You took it off Grum on level 9 of the Dungeon)
 L - a +4 ring of protection
   (You bought it in a shop on level 4 of the Dungeon)
 R - a ring of magical power (right hand)
   (You found it on level 1 of the Lair of Beasts)
 S - the ring "Ciyqul" {rPois Int+2 Dex+6}
   (You found it on level 12 of the Dungeon)

   [ring of dexterity]

   Int:       It affects your intelligence (+2).
   Dex:       It affects your dexterity (+6).
   rPois:     It protects you from poison.
 V - an amulet of the acrobat (around neck)
   (You found it on level 3 of the Lair of Beasts)
 Z - the ring "Goabunk" (left hand) {rN++ MP+9}
   (You found it on level 5 of the Lair of Beasts)

   [ring of magical power]

   rN:        It greatly protects you from negative energy.
   MP:        It affects your magic capacity (+9).
Wands
 w - a wand of mindburst (3)
   (You found it on level 12 of the Dungeon)
 B - a wand of iceblast (24)
   (You found it on level 5 of the Dungeon)
 C - a wand of flame (64)
   (You found it on level 5 of the Dungeon)
 F - a wand of digging (12)
   (You found it on level 6 of the Dungeon)
 X - a wand of charming (5)
   (You took it off Nessos on level 5 of the Lair of Beasts)
 Y - a wand of acid (4)
   (You found it on level 5 of the Lair of Beasts)
Scrolls
 i - 3 scrolls of summoning
 j - 15 scrolls of teleportation {@r4}
 o - a scroll of magic mapping {!r}
 p - 2 scrolls of blinking {!r}
 r - 2 scrolls of amnesia
 t - 3 scrolls of immolation {!r!r}
 y - 5 scrolls of fear
 U - 2 scrolls of enchant weapon
Potions
 e - 4 potions of mutation {!q}
 h - 8 potions of flight
 m - 2 potions of haste {@q3}
 n - 5 potions of might
 s - 2 potions of lignification {!q}
 D - 5 potions of attraction {!q}
 K - 3 potions of brilliance
 M - 4 potions of curing {@q1}
 P - a potion of magic
 T - 3 potions of heal wounds {@q2}
Miscellaneous
 b - a tin of tremorstones (2/2) {throwing}
   (You found it on level 5 of the Lair of Beasts)
 W - a phial of floods
   (You found it on level 6 of the Lair of Beasts)

Dungeon Overview and Level Annotations

Branches:
Dungeon (13/15)            Temple (0/1) D:5            Lair (6/6) D:10
  Swamp (0/4) Lair:4        Snake (0/4) Lair:2        Slime (0/5) Lair:6
    Orc (2/2) D:11            Elf (0/3) Orc:2        Vaults (0/5) D:13
  Sewer (visited)         Ossuary (visited)

Shops:
D:4 =   D:5 (   D:6 *(   D:8 =   D:10 ?   Orc:1 *   Orc:2 [[!!

Annotations:
D:8 2 transporters, exclusion: manticore, Fractals's ghost, novice HOBe
D:13 Rupert; Urug

#######
#.....####
#######.....#...
#..[............
#...............
#.........÷.[...
#.....÷.o.......
#..c..(∩@@÷.....
#......<>.......
#.........(.....
#.......÷.......
#....$.........#
#..............#
################


You could see Rupert, Urug and a centaur warrior.


Message History

Rupert is knocked back by the mystic blast.
The centaur warrior shoots an arrow.
The arrow barely misses you.
The centaur warrior shoots an arrow.
The arrow hits you!
* * * LOW HITPOINT WARNING * * *
😨 HP[-12] MP[-4]
You take 12 damage, and now have 51/107 hp.
You lost 4 mp, and now have 29/55 mp.
Casting: Iskenderun's Mystic Blast (mildly dangerous; 1% risk of failure)
Confirm with . or Enter, or press ? or * to list all spells.
You erupt in a blast of force!
The mystic blast hits the cyclops!
You kill the cyclops!
The centaur warrior shoots an arrow.
The arrow hits you but does no damage. 😨 MP[-3]
You lost 3 mp, and now have 26/55 mp.
Casting: Iskenderun's Mystic Blast (mildly dangerous; 1% risk of failure)
Confirm with . or Enter, or press ? or * to list all spells.
You don't know that spell.
Casting: Iskenderun's Mystic Blast (mildly dangerous; 1% risk of failure)
Confirm with . or Enter, or press ? or * to list all spells.
Aiming: Searing Ray (safe; 1% risk of failure)
Press: ? - help, Shift-Dir - straight line, f - centaur warrior
Aim: a centaur warrior, wielding a +0 shortbow and quivering arrows (87% to hit)
Okay, then.
The centaur warrior shoots an arrow.
The arrow hits you.
* * * LOW HITPOINT WARNING * * *
Rupert screams, "Die, monster!"
The centaur warrior shoots an arrow.
The arrow closely misses you. 😨 HP[-6]
You take 6 damage, and now have 45/107 hp.
Urug throws a javelin.
The javelin pierces through you.
* * * LOW HITPOINT WARNING * * *
You climb upwards.
There is a stone staircase leading down here. 😨 HP[-2] MP[+1]
You take 2 damage, and now have 43/107 hp.
You start resting. 😮 HP[+22] MP[+28]
You regained 22 hp, and now have 65/107 hp.
Your mp is fully restored (55).
You start resting. 😎 HP[+42]
Your hp is fully restored (107).
You climb downwards.
Level annotation: Rupert; Urug The centaur warrior shoots an arrow.
The arrow hits you but does no damage.
Rupert screams, "Red!
No, blue!"
Rupert roars wildly at you.
You are confused.
The centaur warrior shoots an arrow.
The arrow hits you. Rupert hits you but does no damage.
There is a stone staircase leading up, spattered with blood here. 😕 HP[-2]
You take 2 damage, and now have 105/107 hp.
You feel better.
Rupert hits you with a +1 battleaxe of flaming!
Rupert burns you. 😕 HP[-11]
You take 11 damage, and now have 94/107 hp.
Casting: Searing Ray (safe; 1% risk of failure)
Confirm with . or Enter, or press ? or * to list all spells.
You erupt in a blast of force!
The mystic blast hits the centaur warrior!
The centaur warrior is knocked back by the mystic blast.
The mystic blast hits Urug but does no damage.
The mystic blast hits Rupert.
Rupert is knocked back by the mystic blast.
The centaur warrior shoots an arrow.
The arrow misses you. Urug barely misses you. 😕 MP[-4]
You lost 4 mp, and now have 51/55 mp.
Casting: Iskenderun's Mystic Blast (mildly dangerous; 1% risk of failure)
Confirm with . or Enter, or press ? or * to list all spells.
You erupt in a blast of force!
The mystic blast hits Urug!
Urug is knocked back by the mystic blast.
The centaur warrior shoots an arrow.
You reflect the arrow off your +0 buckler of reflection!
The arrow hits the centaur warrior!
Rupert roars wildly at you.
You suddenly lose the ability to move!
The centaur warrior shoots an arrow.
The arrow hits you! Rupert yells loudly at you.
You resist with significant effort.
Urug throws a javelin.
The javelin pierces through you.
The centaur warrior shoots an arrow.
The arrow hits you!
The centaur warrior shoots an arrow.
The arrow hits you.
The centaur warrior shoots an arrow.
The arrow hits you!
The centaur warrior shoots an arrow.
The arrow hits you.
* * * LOW HITPOINT WARNING * * *
The centaur warrior shoots an arrow.
The arrow hits you!
* * * LOW HITPOINT WARNING * * *
Rupert yells loudly at you. You resist with significant effort.
Urug hits you with a +5 great sword of flaming!
* * * LOW HITPOINT WARNING * * *
Urug burns you.
* * * LOW HITPOINT WARNING * * *
The centaur warrior shoots an arrow.
The arrow completely misses you.
The arrow hits Rupert!
Rupert hits you with a +1 battleaxe of flaming!!
You die...

Skill      XL: |  1  2  3  4  5  6  7  8  9 10 11 12 13 14 15 |
---------------+----------------------------------------------+-----
Conjurations   | 4 5 6 7 8 9 10 11 12 13 | 13.7
Spellcasting   | 2 3 4 5 7 8 9 10 11 12 13 | 13.1
Stealth        | 2 3 4 |  4.4
Dodging        | 2 3 4 5 |  5.2
Translocations | 1 2 3 4 6 7 8 10 11 | 11.3
Armour         | 1 3 4 5 6 7 8 10 11 | 11.4
Fighting       | 1 2 3 |  3.3
Short Blades   | 1 |  1.0
Throwing       | 2 |  2.6
Summonings     | |  0.9
Evocations     | |  0.8

Action                   |  1- 3 |  4- 6 |  7- 9 | 10-12 | 13-15 || total
-------------------------+-------+-------+-------+-------+-------++-------
Melee: Short sword       |     2 |       |       |       |       ||     2
       Dagger            |     5 |       |       |    20 |       ||    25
       Hand axe          |       |       |       |     3 |       ||     3
Throw: Dart              |       |       |       |     8 |    56 ||    64
 Cast: Magic Dart        |    55 |    51 |    95 |   107 |   219 ||   527
       Searing Ray       |    13 |    58 |    87 |   140 |   210 ||   508
       Iskenderun's Myst |       |       |       |   159 |   472 ||   631
       Summon Small Mamm |       |       |       |     5 |     4 ||     9
Evoke: Wand              |       |       |       |     8 |     3 ||    11
  Use: Scroll            |       |     1 |     8 |    11 |     6 ||    26
       Potion            |       |       |       |     1 |     1 ||     2
Armor: Robe              |     1 |     3 |       |       |       ||     4
       Leather armour    |       |     7 |    20 |    18 |       ||    45
       Troll leather arm |       |       |       |    80 |    62 ||   142
       Scale mail        |       |       |       |       |    67 ||    67
Dodge: Dodged            |     7 |    22 |    41 |   129 |   224 ||   423
Block: Buckler           |       |       |       |       |     1 ||     1
       Reflection        |       |       |       |       |     1 ||     1

Levels and vault maps discovered:
D:1:      amcnicky_arrival_single_pillar, layout_loops_cross,
          ebering_ecumenical_altar_mist, st_stairs_9, minmay_tetromino_l2
D:2:      layout_rooms
D:3:      layout_basic, portal_sewer_entry_d, hangedman_glass_teeth
D:4:      layout_loops_cross, grunt_temple_overflow_open, enter_ossuary_5,
          minmay_shop_enchanted_jewellery, uniq_blork_the_orc
D:5:      layout_loops_ring, minmay_temple_entry_proselytizer,
          nicolae_take_the_stairs, uniq_menkaure
D:6:      layout_loops_ring, serial_shops, nicolae_shop_bloodbath_and_beyond,
          nicolae_shop_clearance
D:7:      layout_loops_ring
D:8:      layout_rooms, serial_shops, shop, gammafunk_ghost_abyssal_escape
D:9:      layout_loops_ring, minivault_14, uniq_prince_ribbit1, uniq_grum
D:10:     layout_loops_ring, due_lair_maze_entry_diamond, serial_shops,
          nicolae_shop_competitors_out_of_business, uniq_harold
D:11:     layout_basic, david_orc_2
D:12:     layout_loops_ring, uniq_snorg, uniq_fannar
D:13:     layout_gridville, david_vaults_3, uniq_sonja
Lair:1:   layout_regular_city, beast_lair_carwin_2
Lair:2:   layout_hall_layers, dummy_snake_entry, gauntlet_entry_generic,
          minivault_25, serial_bayou_shore_b, lemuel_fruit_fields,
          grunt_megastairs_5
Lair:3:   layout_chaotic_city, minmay_stone_trees_small, grunt_megastairs_3
Lair:4:   layout_roguey, minmay_swamp_entry_worms,
          nicolae_quartered_pool_impasse, chequers_serial_rivers_small_a
Lair:5:   nzn_winding_woodlands_huge [nzn_winding_woodlands_5x15_garden,
          nzn_winding_woodlands_5x15_twine,
          nzn_winding_woodlands_5x15_longhouse,
          nzn_winding_woodlands_5x15_sawtooth,
          nzn_winding_woodlands_5x15_jagged,
          nzn_winding_woodlands_5x15_lazy_stream,
          nzn_winding_woodlands_5x15_crooked,
          nzn_winding_woodlands_5x15_split_checker,
          nzn_winding_woodlands_5x15_river_crossing,
          nzn_winding_woodlands_5x15_zeroes,
          nzn_winding_woodlands_center_garden,
          nzn_winding_woodlands_center_pierced_h,
          nzn_winding_woodlands_15x15_five_gardens], layout_cellular_growth,
          serial_bayou_shore_a, uniq_nessos
Lair:6:   hangedman_lair_caniforms_friends, layout_cave_pods,
          hangedman_lair_in_review, minmay_slime_entry_pillars
Orc:1:    layout_caves, serial_shops, shop, basic_altar
Orc:2:    st_orc_open, layout_caves

Notes
Turn   | Place    | Note
-------+----------+-------------------------------------------
     0 | D:1      | mortz the Demigod Conjurer began the quest for the Orb.
     0 | D:1      | Reached XP level 1. HP: 14/14 MP: 5/5
     0 | D:1      | magus.rc [v1.9.6]
   135 | D:1      | Reached skill level 4 in Conjurations
   163 | D:1      | Reached XP level 2. HP: 20/20 MP: 4/7
   168 | D:1      | Learned a level 2 spell: Searing Ray
   682 | D:1      | Reached XP level 3. HP: 26/26 MP: 6/8
   846 | D:1      | Reached skill level 2 in Spellcasting
  1745 | D:2      | Reached XP level 4. HP: 33/33 MP: 6/10
  1944 | D:2      | Reached skill level 5 in Conjurations
  1990 | D:2      | Reached skill level 2 in Stealth
  2199 | D:3      | Found a glowing drain.
  2208 | Sewer    | Entered a sewer
  2789 | Sewer    | Reached XP level 5. HP: 25/38 MP: 5/11
  2946 | Sewer    | Reached skill level 3 in Spellcasting
  3287 | D:3      | Reached skill level 2 in Dodging
  3463 | D:3      | Reached XP level 6. HP: 45/45 MP: 7/14
  3518 | D:3      | Learned a level 4 spell: Iskenderun's Mystic Blast
  3740 | D:3      | You pick up a book of the Tundra and begin reading...
  3740 | D:3      | You add the spells Hailstorm, Ice Form and Simulacrum to
                  | your library.
  4797 | D:4      | You pick up a book of Callings and begin reading...
  4797 | D:4      | You add the spells Summon Small Mammal, Call Canine
                  | Familiar and Summon Guardian Golem to your library.
  4939 | D:4      | Noticed Blork the orc
  4948 | D:4      | Killed Blork the orc
  4949 | D:4      | Reached skill level 1 in Translocations
  5193 | D:4      | Found a sand-covered staircase.
  5198 | Ossuary  | Entered an ossuary
  5235 | Ossuary  | Reached skill level 1 in Armour
  5534 | Ossuary  | Noticed a wraith
  5534 | Ossuary  | Noticed a flying skull
  5547 | Ossuary  | Noticed a flying skull
  5572 | Ossuary  | Noticed a flying skull
  5605 | Ossuary  | Noticed a flying skull
  5672 | Ossuary  | Noticed a wraith
  5690 | Ossuary  | Reached skill level 6 in Conjurations
  5690 | Ossuary  | Reached XP level 7. HP: 24/51 MP: 7/15
  5858 | Ossuary  | Noticed a wraith
  6120 | D:4      | Reached skill level 2 in Armour
  6288 | D:4      | Found Sepemp's Jewellery Boutique.
  6517 | D:5      | Entered Level 5 of the Dungeon
  6647 | D:5      | Noticed Menkaure
  6654 | D:5      | Killed Menkaure
  6655 | D:5      | Reached skill level 4 in Spellcasting
  6800 | D:5      | Reached skill level 3 in Armour
  6800 | D:5      | Reached skill level 2 in Translocations
  7395 | D:5      | Found a staircase to the Ecumenical Temple.
  7548 | D:5      | Found Bamaq's Antique Weapon Boutique.
  7682 | D:6      | Found Kapsytob's Weapon Boutique.
  7687 | D:6      | Reached XP level 8. HP: 58/58 MP: 12/18
  7924 | D:5      | Reached skill level 3 in Stealth
  7998 | D:5      | Reached skill level 4 in Armour
  8639 | D:6      | Reached skill level 3 in Translocations
  8761 | D:6      | Reached skill level 5 in Spellcasting
  8761 | D:6      | Reached skill level 7 in Conjurations
  9363 | D:6      | Found Qeof's CLEARANCE SALE!.
  9369 | D:6      | Bought a +1 pair of boots for 23 gold pieces
  9369 | D:6      | Bought a scroll of teleportation for 6 gold pieces
 10028 | D:7      | Reached skill level 1 in Fighting
 10278 | D:7      | Reached XP level 9. HP: 64/64 MP: 15/21
 10357 | D:7      | Reached skill level 3 in Dodging
 10784 | D:7      | Reached skill level 6 in Spellcasting
 10891 | D:7      | Identified the +1 leather armour of a sewer {rF+ rN++ Str-4
                  | Stlth+}
 11173 | D:8      | Reached skill level 4 in Translocations
 11195 | D:7      | Reached skill level 5 in Armour
 11368 | D:8      | Found a transporter.
 11896 | D:8      | Found a transporter.
 11896 | D:8      | Found Naffisif's Jewellery Shop.
 12060 | D:8      | Reached skill level 8 in Conjurations
 12319 | D:8      | Noticed a manticore
 12345 | D:8      | Noticed Fractals's ghost (novice HOBe)
 12377 | D:9      | Reached skill level 7 in Spellcasting
 12396 | D:9      | Noticed Grum
 12533 | D:9      | Reached XP level 10. HP: 72/72 MP: 18/24
 12954 | D:4      | Bought a +4 ring of protection for 396 gold pieces
 13321 | D:9      | Noticed Prince Ribbit
 13333 | D:9      | HP: 18/72 [Prince Ribbit (11)]
 13334 | D:9      | HP: 7/73 [Prince Ribbit (12)]
 13687 | D:9      | Reached skill level 5 in Translocations
 13713 | D:9      | Killed Prince Ribbit
 13827 | D:9      | Reached skill level 6 in Armour
 13828 | D:9      | Killed Grum
 14297 | D:10     | Entered Level 10 of the Dungeon
 14297 | D:10     | Found Vibaxuox's Magic Scroll Emporium.
 14327 | D:10     | Reached skill level 2 in Fighting
 14655 | D:10     | Found a staircase to the Lair.
 14943 | D:10     | Reached skill level 4 in Dodging
 15016 | D:10     | magus.rc [v1.9.6]
 15390 | D:10     | You add the spells Conjure Flame, Ignite Poison and Sticky
                  | Flame to your library.
 15399 | D:10     | Noticed Harold
 15441 | D:9      | magus.rc [v1.9.6]
 15473 | D:10     | Reached skill level 8 in Spellcasting
 15533 | D:10     | Reached skill level 9 in Conjurations
 15576 | D:10     | Noticed a two-headed ogre
 15615 | D:10     | Killed a two-headed ogre
 15616 | D:10     | Reached skill level 6 in Translocations
 15616 | D:10     | Reached XP level 11. HP: 80/80 MP: 10/27
 15915 | D:10     | Killed Harold
 15916 | D:10     | Reached skill level 4 in Stealth
 16065 | D:10     | Bought a scroll of identify for 24 gold pieces
 16091 | Lair:1   | Entered Level 1 of the Lair of Beasts
 16316 | D:10     | Reached skill level 7 in Armour
 17401 | Lair:2   | Reached skill level 7 in Translocations
 17662 | Lair:2   | Found a gate leading to a gauntlet.
 17691 | Lair:2   | Found a staircase to the Snake Pit.
 17955 | Lair:2   | Noticed a death yak
 17956 | Lair:2   | Noticed a death yak
 17989 | Lair:2   | Noticed a death yak
 17989 | Lair:2   | Noticed a death yak
 17989 | Lair:2   | Noticed a death yak
 17989 | Lair:2   | Noticed a death yak
 18026 | Lair:1   | Killed a death yak
 18506 | Lair:2   | Killed a death yak
 18675 | Lair:2   | Killed a death yak
 18676 | Lair:2   | Reached skill level 9 in Spellcasting
 18681 | Lair:2   | Killed a death yak
 18682 | Lair:2   | Reached skill level 10 in Conjurations
 18903 | Lair:2   | Killed a death yak
 19032 | Lair:2   | Killed a death yak
 19160 | Lair:3   | Noticed an eight-headed hydra
 19166 | Lair:3   | Killed an eight-headed hydra
 19167 | Lair:3   | Reached XP level 12. HP: 75/88 MP: 19/29
 19439 | Lair:3   | Reached skill level 8 in Translocations
 19517 | Lair:3   | Reached skill level 8 in Armour
 19833 | Lair:3   | Noticed a five-headed hydra
 19949 | Lair:3   | Killed a five-headed hydra
 20196 | Lair:3   | HP: 13/88 [death yak (18)]
 20441 | Lair:3   | Learned a level 1 spell: Summon Small Mammal
 20446 | Lair:3   | Learned a level 4 spell: Hailstorm
 20451 | Lair:3   | Learned a level 4 spell: Sticky Flame
 20621 | Lair:3   | Reached skill level 10 in Spellcasting
 20795 | Lair:3   | Reached skill level 3 in Fighting
 20849 | Lair:3   | Noticed a five-headed hydra
 21278 | Lair:4   | Reached skill level 11 in Conjurations
 22397 | Lair:4   | Reached skill level 1 in Short Blades
 22397 | Lair:4   | Reached XP level 13. HP: 84/94 MP: 4/32
 22557 | Lair:4   | Reached skill level 9 in Armour
 22642 | Lair:4   | Reached skill level 9 in Translocations
 22838 | Lair:4   | Found a staircase to the Swamp.
 23449 | Lair:5   | Noticed Nessos
 23500 | Lair:5   | Killed Nessos
 23501 | Lair:5   | Reached skill level 1 in Throwing
 24701 | Lair:5   | Reached skill level 2 in Throwing
 24834 | Lair:5   | Reached skill level 11 in Spellcasting
 25014 | Lair:5   | Reached skill level 5 in Dodging
 25896 | Lair:5   | Reached skill level 12 in Conjurations
 26603 | Lair:5   | Identified the ring "Goabunk" {rN++ MP+9}
 26821 | Lair:6   | Entered Level 6 of the Lair of Beasts
 27113 | Lair:6   | Reached skill level 10 in Armour
 27359 | Lair:6   | Reached skill level 10 in Translocations
 28078 | Lair:6   | Reached XP level 14. HP: 102/102 MP: 34/34
 29091 | Lair:6   | You pick up a book of Rime and begin reading...
 29091 | Lair:6   | You add the spells Frozen Ramparts and Summon Ice Beast to
                  | your library.
 29314 | Lair:6   | Reached skill level 12 in Spellcasting
 30166 | Lair:6   | You pick up a book of Spatial Translocations and begin
                  | reading...
 30166 | Lair:6   | You add the spells Blink, Lesser Beckoning and Manifold
                  | Assault to your library.
 30653 | Lair:6   | Found a staircase to the Slime Pits.
 30919 | D:10     | magus.rc [v1.9.6]
 30932 | D:11     | Reached skill level 13 in Conjurations
 31558 | D:11     | Found a staircase to the Orcish Mines.
 31962 | D:11     | magus.rc [v1.9.6]
 32026 | D:12     | Identified the ring "Ciyqul" {rPois Int+2 Dex+6}
 32036 | D:12     | Noticed Snorg
 32037 | D:12     | magus.rc [v1.9.6]
 32046 | D:12     | Killed Snorg
 32552 | D:12     | You pick up a book of Misfortune and begin reading...
 32552 | D:12     | You add the spells Confusing Touch, Yara's Violent
                  | Unravelling and Enfeeble to your library.
 33075 | D:12     | Noticed Fannar
 33099 | D:12     | Killed Fannar
 33282 | Orc:1    | Entered Level 1 of the Orcish Mines
 33420 | Orc:1    | Found Ysie's General Store.
 33681 | Orc:1    | magus.rc [v1.9.6]
 33684 | Orc:2    | Entered Level 2 of the Orcish Mines
 33737 | Orc:2    | magus.rc [v1.9.6]
 34024 | Orc:2    | Reached skill level 11 in Armour
 34823 | Orc:2    | Found a staircase to the Elven Halls.
 35800 | Orc:2    | Reached skill level 11 in Translocations
 35807 | Orc:2    | Reached XP level 15. HP: 107/107 MP: 5/37
 36180 | Orc:2    | Reached skill level 13 in Spellcasting
 36296 | Orc:2    | Found Jemeju's Distillery.
 36297 | Orc:2    | Found Ilaxzyif's Distillery.
 36301 | Orc:2    | Found Duminafo's Antique Armour Emporium.
 36303 | Orc:2    | Found Hontyubeo's Antique Armour Shoppe.
 36324 | Orc:2    | magus.rc [v1.9.6]
 36447 | Orc:2    | Bought a glowing buckler for 217 gold pieces
 37087 | D:13     | Noticed Urug
 37087 | D:13     | Noticed Rupert
 37087 | D:13     | Found a gate to the Vaults.
 37443 | D:13     | Paralysed by Rupert for 6 turns
 37447 | D:13     | HP: 23/107 [Urug/+5 great sword of flaming (17)]
 37448 | D:13     | Slain by Rupert

Vanquished Creatures
  A dire elephant (Lair:6)
  Nessos (Lair:5)
  Snorg (D:12)
  Harold (D:10)
  Fannar (D:12)
  13 hydras
  3 boulder beetles
  2 ogre magi (Orc:2)
  A catoblepas (Lair:6)
  11 two-headed ogres
  21 death yaks
  An orc high priest (Orc:2)
  A fire crab (Lair:5)
  2 deep trolls (Orc:2)
  A lindwurm (Lair:6)
  A deep elf pyromancer (D:12)
  An orc sorcerer (Orc:2)
  2 orc knights
  6 cyclopes
  2 ugly things (D:11)
  3 manticores
  7 elephants
  7 black mambas
  2 gargoyles
  An unseen horror (D:10)
  4 torpor snails
  16 cane toads
  8 rime drakes
  6 komodo dragons
  11 polar bears
  13 trolls
  A tyrant leech (Lair:4)
  3 slime creatures (Lair:6)
  3 dream sheep
  Prince Ribbit (D:9)
  2 raiju (Lair:6)
  23 blink frogs
  2 shadows
  A wraith (D:13)
  2 vampires
  6 wyverns
  Grum (D:9)
  16 humans
  27 yaks
  3 basilisks
  4 vampire mosquitoes (D:12)
  8 wargs
  Menkaure (D:5)
  3 acid dragons
  2 swamp worms (Lair:4)
  18 water moccasins
  15 hell hounds (Lair:6)
  A sky beast (D:8)
  A hornet zombie (D:8)
  13 black bears
  21 orc warriors
  2 necrophages
  4 centaurs
  21 wolves
  19 ogres
  A phantom (D:4)
  Blork the orc (D:4)
  A gnoll sergeant (D:13)
  18 bullfrogs
  2 scorpions
  A wyvern zombie (D:6)
  4 killer bees
  11 wights
  3 howler monkeys
  2 electric eels
  6 centaur zombies
  A bullfrog zombie (D:9)
  A bullfrog skeleton (D:5)
  2 hounds
  2 jellies
  A centaur skeleton (D:5)
  2 gnoll shamans
  13 orc priests
  3 iguanas
  16 orc wizards
  A scorpion zombie (D:5)
  5 hell rats
  A merfolk siren (Sewer)
  A merfolk avatar (Sewer)
  A howler monkey zombie (D:11)
  16 gnolls
  11 adders
  A howler monkey skeleton (D:4)
  A river rat (Sewer)
  A shadow imp (D:5)
  2 adder zombies (Ossuary)
  An adder skeleton (D:4)
  4 dart slugs
  66 orcs
  8 ball pythons
  5 bats
  5 endoplasms
  7 giant cockroaches
  11 goblins
  12 hobgoblins
  10 jackals
  7 quokkas
  2 ball python skeletons (Ossuary)
  4 frilled lizards (Sewer)
  2 hobgoblin zombies (Ossuary)
  11 kobolds
  A kobold zombie (Ossuary)
  An orc skeleton (Ossuary)
  An orc zombie (Ossuary)
  23 rats
688 creatures vanquished.

Vanquished Creatures (collateral kills)
  A water moccasin (Lair:3)
1 creature vanquished.

Vanquished Creatures (others)
  73 fungi
  151 plants
224 creatures vanquished.

Grand Total: 913 creatures vanquished

Table legend:
 A = Non-vault XP
 B = Vault XP
 C = Vault XP percentage of total XP
 D = Non-vault monster count
 E = Vault monster count
 F = Vault count percentage of total count
                 A         B        C        D         E       F
            +---------+---------+-------+---------+---------+-------
      Total |   67929 |   65251 |  49.0 |     418 |     271 |  39.3
            +---------+---------+-------+---------+---------+-------
        D:1 |      53 |      10 |  15.9 |      28 |       5 |  15.2
        D:2 |      65 |       0 |   0.0 |      21 |       0 |   0.0
        D:3 |     229 |      13 |   5.4 |      24 |       1 |   4.0
        D:4 |     213 |      99 |  31.7 |      21 |       1 |   4.5
        D:5 |     742 |     210 |  22.1 |      14 |       2 |  12.5
        D:6 |     847 |       0 |   0.0 |      21 |       0 |   0.0
        D:7 |    1492 |       0 |   0.0 |      19 |       0 |   0.0
        D:8 |    2090 |       0 |   0.0 |      25 |       0 |   0.0
        D:9 |     950 |     802 |  45.8 |      14 |       5 |  26.3
       D:10 |    4505 |    2430 |  35.0 |      27 |      11 |  28.9
       D:11 |    3061 |      24 |   0.8 |       7 |       8 |  53.3
       D:12 |    4518 |    2581 |  36.4 |      12 |       6 |  33.3
       D:13 |    2711 |    2850 |  51.2 |      12 |      13 |  52.0
     Lair:1 |    3338 |     292 |   8.0 |      11 |       3 |  21.4
     Lair:2 |    6860 |     433 |   5.9 |      13 |       1 |   7.1
     Lair:3 |   10367 |    1083 |   9.5 |      25 |       2 |   7.4
     Lair:4 |   11702 |     600 |   4.9 |      33 |       3 |   8.3
     Lair:5 |    1263 |   17266 |  93.2 |      11 |      42 |  79.2
     Lair:6 |    6385 |   21415 |  77.0 |      15 |      81 |  84.4
      Orc:1 |    2363 |       0 |   0.0 |      36 |       0 |   0.0
      Orc:2 |    4175 |   14788 |  78.0 |      29 |      36 |  55.4
      Sewer |       0 |     165 | 100.0 |       0 |      39 | 100.0
    Ossuary |       0 |     190 | 100.0 |       0 |      12 | 100.0
            +---------+---------+-------+---------+---------+-------

Illustrated notes

Table legend:
 A = Kills in this place as a percentage of kills in entire the game.
 B = Kills by you in this place as a percentage of kills by you in the entire game.
 C = Kills by friends in this place as a percentage of kills by friends in the entire game.
 D = Other kills in this place as a percentage of other kills in the entire game.
 E = Experience gained in this place as a percentage of experience gained in the entire game.
 F = Experience gained in this place divided by the number of levels of this place that you have seen.
                   A       B       C       D       E      F
               +-------+-------+-------+-------+-------+----------------------
         Total | 100.0 | 100.0 | 100.0 |   N/A | 100.0 | 5790.4
       Dungeon |  43.1 |  43.2 |   0.0 |   N/A |  22.9 | 2345.8
          Lair |  34.8 |  34.7 | 100.0 |   N/A |  60.8 | 13500.7
  Orcish Mines |  14.7 |  14.7 |   0.0 |   N/A |  16.0 | 10663.0
         Sewer |   5.7 |   5.7 |   0.0 |   N/A |   0.1 | 165.0
       Ossuary |   1.7 |   1.7 |   0.0 |   N/A |   0.1 | 190.0
               +-------+-------+-------+-------+-------+----------------------

Table legend: (Time is in decaauts)
 A = Elapsed time spent in this place.
 B = Non-inter-level travel time spent in this place.
 C = Inter-level travel time spent in this place.
 D = Time resting spent in this place.
 E = Time spent auto-exploring this place.
 F = Levels seen in this place.
 G = Mean time per level.
                   A        B        C        D        E       F      G
               +--------+--------+--------+--------+--------+-----+--------+
         Total |  37633 |  35988 |   1645 |  10507 |  18613 |  23 | 1636.2 |
       Dungeon |  17892 |  16989 |    903 |   4632 |   9595 |  13 | 1376.3 |
          Lair |  14686 |  14064 |    622 |   4248 |   6931 |   6 | 2447.7 |
  Orcish Mines |   3251 |   3132 |    119 |    965 |   1483 |   2 | 1625.5 |
         Sewer |   1080 |   1080 |      0 |    259 |    603 |   1 | 1080.0 |
       Ossuary |    722 |    722 |      0 |    403 |      0 |   1 |  722.0 |
               +--------+--------+--------+--------+--------+-----+--------+

Top non-repeatable levels by time:
  Lair:5: 3653 daAuts
  Lair:6: 3593 daAuts
  Lair:4: 2365 daAuts
   Orc:2: 2108 daAuts
  Lair:2: 2010 daAuts
    D:12: 1896 daAuts
     D:9: 1857 daAuts
     D:7: 1696 daAuts
     D:5: 1679 daAuts
    D:10: 1659 daAuts
  Lair:3: 1616 daAuts
     D:3: 1559 daAuts
  Lair:1: 1446 daAuts
     D:4: 1401 daAuts
     D:8: 1341 daAuts
